 Dungeon Crawl Stone Soup version 0.31-a0-210-gccc998df9b (webtiles) character file.

Game seed: 17682430470266679394

3092 qw the Cleaver (level 9, -1/57 HPs)
             Began as a Gargoyle Fighter on June 29, 2023.
             Slain by a skeletal warrior
             ... wielding a +0 mace
              (5 damage)
             ... on level 7 of the Dungeon.
             The game lasted 00:03:59 (6906 turns).

qw the Cleaver (Gargoyle Fighter)                   Turns: 6906, Time: 00:04:00

Health: -1/57      AC: 24    Str: 23    XL:     9   Next: 89%
Magic:  9/9        EV:  6    Int: 10    God:
Gold:   461        SH:  4    Dex:  9    Spells: 8/8 levels left

rFire   + . .        l - +0 war axe (vamp)
rCold   . . .        c - +0 buckler
rNeg    + . .        h - +0 plate armour
rPois   inf          m - +0 helmet
rElec   +            s - +0 cloak
rCorr   .            (no gloves)
SInv    .            p - +2 pair of boots
Will    .....        (no amulet) Stlth
                     o - ring of protection from fire
HPRegen 0.29/turn    (no ring)
MPRegen 0.11/turn

%: no passive effects
@: no status effects
A: sickness immunity, AC +6, negative energy resistance 1, electricity
resistance, torment resistance 1, petrification resistance
a: no special abilities


You were on level 7 of the Dungeon.
You visited 2 branches of the dungeon, and saw 8 of its levels.

You collected 461 gold pieces.


Innate Abilities, Weirdness & Mutations

You are immune to sickness and miasma.
Your stone body is resilient. (AC +6)
You are immune to poison.
You resist negative energy. (rN+)
You are resistant to electric shocks. (rElec)
You are resistant to unholy torment.
You are immune to petrification.


   Skills:
 - Level 7.5 Fighting
 + Level 9.8 Axes
 - Level 1.8 Throwing
 - Level 6.0 Armour
 - Level 1.0 Dodging
 - Level 4.1 Shields


You had 8 spell levels left.
You didn't know any spells.
Your spell library was empty.

Inventory:

Hand Weapons
 b - a +0 hand axe
 g - a +0 morningstar
 l - a +0 vampiric war axe (weapon)
 Y - a +2 war axe of draining
Missiles
 a - 7 boomerangs (quivered)
Armour
 c - a +0 buckler (worn)
 h - a +0 plate armour (worn)
 m - a +0 helmet (worn)
 n - a +0 kite shield
 p - a +2 pair of boots (worn)
 s - a +0 cloak (worn)
Jewellery
 o - a ring of protection from fire (left hand)
 t - a ring of fire
Scrolls
 j - a scroll of identify
 r - 2 scrolls of teleportation
Potions
 d - a potion of might
 e - 2 potions of attraction
 f - a potion of mutation
 i - 2 potions of heal wounds
 k - a potion of lignification
 q - a potion of haste
 u - a potion of curing

Dungeon Overview and Level Annotations

Branches:
Dungeon (7/15)             Temple (1/1) D:4

Altars:
Ashenzari
Cheibriados
Dithmenos
Elyvilon
Gozag
Hepliaklqana
Kikubaaqudgha
Nemelex Xobeh
Qazlal
Ru
Sif Muna
Trog
Uskayaw
Vehumet
Yredelemnul
Zin
The Shining One


Message History

The skeletal warrior is lightly damaged.
You block the skeletal warrior's attack.
The skeletal warrior hits you but does no damage.
You hit the skeletal warrior but do no damage.
The skeletal warrior is lightly damaged.
The skeletal warrior hits you but does no damage.
The skeletal warrior hits you with a +0 mace.
You barely miss the skeletal warrior.
The skeletal warrior is lightly damaged.
The skeletal warrior barely misses you.
You block the skeletal warrior's attack.
You slash the skeletal warrior!
The skeletal warrior is moderately damaged.
The skeletal warrior hits you from afar with a +0 halberd.
The skeletal warrior hits you with a +0 mace.
You hit the skeletal warrior.
The skeletal warrior is moderately damaged.
You block the skeletal warrior's attack.
The skeletal warrior hits you but does no damage.
You hit the skeletal warrior.
The skeletal warrior is moderately damaged.
The skeletal warrior barely misses you.
The skeletal warrior hits you with a +0 mace.
You slash the skeletal warrior!
The skeletal warrior is heavily damaged.
You block the skeletal warrior's attack.
The skeletal warrior hits you but does no damage.
You hit the skeletal warrior but do no damage.
The skeletal warrior is heavily damaged.
The skeletal warrior hits you but does no damage.
The skeletal warrior closely misses you.
You hit the skeletal warrior but do no damage.
The skeletal warrior is heavily damaged.
The skeletal warrior hits you but does no damage.
The skeletal warrior hits you with a +0 mace!
You hit the skeletal warrior but do no damage.
The skeletal warrior is heavily damaged.
The skeletal warrior hits you from afar with a +0 halberd!
The skeletal warrior hits you with a +0 mace.
You die...

### #># #.. ##
#.###..z.
#.z.z.z.. #z#
#@# #.# #.#
#### #.# ....
#.####### ####
#.......#######
#.............#
##.........[..#
#............#


You could see 2 skeletal warriors.

Vanquished Creatures
  Maggie (D:7)
  A hornet (D:7)
  Prince Ribbit (D:6)
  Grinder (D:6)
  A wyvern (D:7)
  2 black bears
  A sky beast (D:6)
  A centaur (D:7)
  A scorpion (D:6)
  A gnoll sergeant (D:7)
  A water moccasin zombie (D:4)
  9 wights
  A centaur zombie (D:4)
  2 hounds
  3 orc priests
  A human zombie (D:4)
  2 jellies
  2 sleepcaps
  An iguana (D:6)
  9 orc wizards
  A scorpion zombie (D:4)
  2 hound zombies (D:4)
  A mummy (D:4)
  17 gnolls
  7 adders
  A shadow imp (D:7)
  A white imp (D:7)
  An ufetubus (D:6)
  2 adder zombies (D:4)
  2 worms
  3 dart slugs
  43 orcs
  6 bats
  2 endoplasms
  3 giant cockroaches
  20 goblins
  10 hobgoblins
  3 jackals (D:4)
  2 quokkas (D:4)
  12 ball pythons
  5 frilled lizards
  13 kobolds
  8 rats
207 creatures vanquished.

Notes
Turn   | Place    | Note
-------+----------+-------------------------------------------
     0 | D:1      | qw the Gargoyle Fighter began the quest for the Orb.
     0 | D:1      | Reached XP level 1. HP: 14/14 MP: 1/1
     0 | D:1      | 0 ||| qw: Version: 0.3-a-24-g62f9e04
     0 | D:1      | 0 ||| qw: Game counter: 6718
     0 | D:1      | 0 ||| qw: Melee chars always use a shield: true
     0 | D:1      | 0 ||| qw: God list: Okawaru
     0 | D:1      | 0 ||| qw: Allow faded altars: false
     0 | D:1      | 0 ||| qw: Do Orc after clearing Dungeon:15 true
     0 | D:1      | 0 ||| qw: Do second Lair branch before Depths: true
     0 | D:1      | 0 ||| qw: Lair rune preference: random
     0 | D:1      | 0 ||| qw: Goals: Normal, Zot:1-4, Slime:5, God:TSO, Crypt,
                  | Tomb, Abyss, Pan, Hells, Win
     0 | D:1      | 0 ||| PLANNING D:1-11
   127 | D:1      | Reached skill level 2 in Axes
   204 | D:1      | Reached XP level 2. HP: 19/19 MP: 2/2
   303 | D:1      | 303 ||| Stepping ~*~*~tactically~*~*~ (stealth).
   372 | D:1      | 372 ||| Stepping ~*~*~tactically~*~*~ (stealth).
   406 | D:1      | Reached skill level 3 in Axes
   547 | D:1      | Reached XP level 3. HP: 23/23 MP: 3/3
   679 | D:1      | Found a faded altar of an unknown god.
   883 | D:1      | 883 ||| READING scroll labelled HEROBU MEWISH.
   884 | D:1      | 884 ||| READING scroll labelled NAITTU MOYTO.
   885 | D:1      | 885 ||| READING 2 scrolls labelled LADGHE VAEWN.
   886 | D:1      | 886 ||| DRINKING 2 lumpy coppery potions.
   887 | D:1      | 887 ||| DRINKING 2 glowing clear potions.
   942 | D:1      | 942 ||| DRINKING 2 green potions.
   946 | D:1      | 946 ||| DROPPING potion of brilliance.
   947 | D:1      | 947 ||| DROPPING potion of ambrosia.
  1068 | D:2      | 1068 ||| DROPPING +0 whip.
  1085 | D:2      | 1085 ||| Stepping ~*~*~tactically~*~*~ (stealth).
  1086 | D:2      | 1086 ||| Stepping ~*~*~tactically~*~*~ (stealth).
  1179 | D:2      | You fall into a shaft and drop 2 floors!
  1227 | D:4      | 1227 ||| Stepping ~*~*~tactically~*~*~ (hiding).
  1234 | D:4      | Reached XP level 4. HP: 28/28 MP: 4/4
  1242 | D:4      | Reached skill level 4 in Axes
  1269 | D:4      | Reached XP level 5. HP: 29/32 MP: 5/5
  1329 | D:4      | 1329 ||| DROPPING +0 mace.
  1386 | D:4      | Found a staircase to the Ecumenical Temple.
  1387 | D:4      | 1387 ||| PLANNING TEMPLE
  1387 | D:4      | 1387 ||| DROPPING ring of flight.
  1388 | D:4      | 1388 ||| READING 3 scrolls labelled BIMIL IWIRE.
  1389 | D:4      | 1389 ||| READING 2 scrolls of identify.
  1389 | D:4      | 1389 ||| IDENTIFYING fizzy blue potion
  1390 | D:4      | 1390 ||| DROPPING 2 scrolls of revelation.
  1409 | Temple   | Entered the Ecumenical Temple
  1523 | Temple   | 1523 ||| PLANNING D:1-11
  1714 | D:3      | Reached skill level 5 in Axes
  1737 | D:3      | 1737 ||| DROPPING +0 flail.
  1738 | D:3      | 1738 ||| READING scroll labelled OMYDOL IFOYHUBB.
  1832 | D:2      | Found a sacrificial altar of Ru.
  1928 | D:2      | 1928 ||| Stepping ~*~*~tactically~*~*~ (hiding).
  2194 | D:2      | 2194 ||| UPGRADING to +0 helmet.
  2199 | D:2      | 2199 ||| READING scroll labelled VUG QAFFYEBUM.
  2200 | D:2      | 2200 ||| READING scroll labelled IGGOKL JUS JUGG.
  2204 | D:2      | 2204 ||| READING 2 scrolls of identify.
  2204 | D:2      | 2204 ||| IDENTIFYING fuming amethyst potion
  2205 | D:2      | 2205 ||| DROPPING potion of degeneration.
  2567 | D:3      | Reached XP level 6. HP: 38/38 MP: 6/6
  2880 | D:3      | 2880 ||| UPGRADING to +0 plate armour.
  2890 | D:3      | 2890 ||| DROPPING +0 scale mail.
  2891 | D:3      | 2891 ||| READING 3 scrolls of identify.
  2891 | D:3      | 2891 ||| IDENTIFYING puce potion
  2892 | D:3      | 2892 ||| READING 2 scrolls of identify.
  2892 | D:3      | 2892 ||| IDENTIFYING red potion
  2976 | D:4      | 2976 ||| Stepping ~*~*~tactically~*~*~ (stealth).
  3324 | D:4      | Noticed a black bear
  3336 | D:4      | Killed a black bear
  3337 | D:4      | Reached skill level 6 in Axes
  3434 | D:4      | 3434 ||| Stepping ~*~*~tactically~*~*~ (stealth).
  3614 | D:4      | Reached XP level 7. HP: 42/43 MP: 7/7
  3748 | D:4      | Found an ancient bone altar of Kikubaaqudgha.
  3760 | D:4      | Reached skill level 7 in Axes
  3837 | D:4      | Found a shadowy altar of Dithmenos.
  4409 | D:4      | 4409 ||| UPGRADING to +2 pair of boots.
  4414 | D:4      | 4414 ||| UPGRADING to +0 cloak.
  4419 | D:4      | 4419 ||| READING scroll labelled REH HA GOSSU.
  4420 | D:4      | 4420 ||| READING scroll labelled IRUAFR CEEBAIDD.
  4421 | D:4      | 4421 ||| READING scroll labelled HOREYD QUILLO.
  4455 | D:4      | 4455 ||| READING 2 scrolls labelled ROLIR RIUPRITES.
  4456 | D:4      | 4456 ||| READING scroll labelled DOEDWORO XUOTORU.
  4457 | D:4      | 4457 ||| DROPPING scroll of blinking.
  4480 | D:5      | Entered Level 5 of the Dungeon
  4546 | D:5      | Reached XP level 8. HP: 47/49 MP: 8/8
  4557 | D:5      | 4557 ||| READING scroll of enchant weapon.
  4557 | D:5      | 4557 ||| ENCHANTING +1 war axe of draining.
  4733 | D:5      | 4733 ||| Stepping ~*~*~tactically~*~*~ (hiding).
  4757 | D:5      | Reached skill level 1 in Dodging
  4893 | D:5      | Reached skill level 1 in Throwing
  5279 | D:5      | 5279 ||| DROPPING +6 ring of intelligence.
  5280 | D:5      | 5280 ||| DROPPING ring of fire.
  5281 | D:5      | 5281 ||| UPGRADING to ring of protection from fire.
  5362 | D:6      | 5362 ||| FLEEEEING.
  5363 | D:6      | 5363 ||| FLEEEEING.
  5364 | D:6      | 5364 ||| FLEEEEING.
  5365 | D:6      | 5365 ||| FLEEEEING.
  5366 | D:6      | 5366 ||| FLEEEEING.
  5367 | D:6      | 5367 ||| FLEEEEING.
  5368 | D:6      | 5368 ||| FLEEEEING.
  5369 | D:6      | 5369 ||| FLEEEEING.
  5370 | D:6      | 5370 ||| FLEEEEING.
  5371 | D:6      | 5371 ||| FLEEEEING.
  5372 | D:6      | 5372 ||| FLEEEEING.
  5373 | D:6      | 5373 ||| FLEEEEING.
  5374 | D:6      | 5374 ||| FLEEEEING.
  5375 | D:6      | 5375 ||| FLEEEEING.
  5376 | D:6      | 5376 ||| FLEEEEING.
  5377 | D:6      | 5377 ||| FLEEEEING.
  5378 | D:6      | 5378 ||| FLEEEEING.
  5379 | D:6      | 5379 ||| FLEEEEING.
  5380 | D:6      | 5380 ||| FLEEEEING.
  5527 | D:6      | Noticed Prince Ribbit
  5532 | D:6      | Killed Prince Ribbit
  5533 | D:6      | Reached skill level 8 in Axes
  5581 | D:6      | 5581 ||| Stepping ~*~*~tactically~*~*~ (stealth).
  5625 | D:6      | Noticed Grinder
  5626 | D:6      | 5626 ||| Stepping ~*~*~tactically~*~*~ (hiding).
  5629 | D:6      | 5629 ||| Stepping ~*~*~tactically~*~*~ (hiding).
  5630 | D:6      | 5630 ||| Stepping ~*~*~tactically~*~*~ (hiding).
  5631 | D:6      | 5631 ||| Stepping ~*~*~tactically~*~*~ (hiding).
  5632 | D:6      | 5632 ||| Stepping ~*~*~tactically~*~*~ (hiding).
  5633 | D:6      | 5633 ||| Stepping ~*~*~tactically~*~*~ (hiding).
  5634 | D:6      | 5634 ||| Stepping ~*~*~tactically~*~*~ (hiding).
  5635 | D:6      | 5635 ||| Stepping ~*~*~tactically~*~*~ (hiding).
  5636 | D:6      | 5636 ||| Stepping ~*~*~tactically~*~*~ (hiding).
  5637 | D:6      | 5637 ||| Stepping ~*~*~tactically~*~*~ (hiding).
  5644 | D:6      | 5644 ||| Stepping ~*~*~tactically~*~*~ (hiding).
  5646 | D:6      | Paralysed by Grinder for 3 turns
  5653 | D:6      | Killed Grinder
  5654 | D:6      | Reached skill level 6 in Fighting
  5654 | D:6      | Reached XP level 9. HP: 56/56 MP: 9/9
  5840 | D:6      | 5840 ||| Stepping ~*~*~tactically~*~*~ (hiding).
  6046 | D:6      | Reached skill level 6 in Armour
  6235 | D:6      | 6235 ||| READING scroll labelled PEXEAV TACRAO.
  6236 | D:6      | 6236 ||| READING scroll labelled VAALER PO QIEPEUS.
  6337 | D:6      | 6337 ||| READING 4 scrolls of identify.
  6337 | D:6      | 6337 ||| IDENTIFYING coppery potion
  6338 | D:6      | 6338 ||| READING 3 scrolls of identify.
  6338 | D:6      | 6338 ||| IDENTIFYING glowing cyan potion
  6339 | D:6      | 6339 ||| READING 2 scrolls of identify.
  6339 | D:6      | 6339 ||| IDENTIFYING dark potion
  6340 | D:6      | 6340 ||| DROPPING potion of berserk rage.
  6380 | D:7      | 6380 ||| Stepping ~*~*~tactically~*~*~ (stealth).
  6381 | D:7      | 6381 ||| Stepping ~*~*~tactically~*~*~ (stealth).
  6411 | D:7      | 6411 ||| Stepping ~*~*~tactically~*~*~ (hiding).
  6412 | D:7      | 6412 ||| Stepping ~*~*~tactically~*~*~ (hiding).
  6417 | D:7      | 6417 ||| Stepping ~*~*~tactically~*~*~ (hiding).
  6418 | D:7      | 6418 ||| Stepping ~*~*~tactically~*~*~ (hiding).
  6460 | D:7      | Noticed Maggie
  6461 | D:7      | 6461 ||| Stepping ~*~*~tactically~*~*~ (stealth).
  6488 | D:7      | 6488 ||| SWAPPING to +0 vampiric war axe.
  6491 | D:7      | 6491 ||| Stepping ~*~*~tactically~*~*~ (stealth).
  6492 | D:7      | 6492 ||| Stepping ~*~*~tactically~*~*~ (stealth).
  6493 | D:7      | 6493 ||| Stepping ~*~*~tactically~*~*~ (stealth).
  6495 | D:7      | 6495 ||| Stepping ~*~*~tactically~*~*~ (stealth).
  6497 | D:7      | 6497 ||| Stepping ~*~*~tactically~*~*~ (hiding).
  6507 | D:7      | Reached skill level 9 in Axes
  6535 | D:7      | Killed Maggie
  6570 | D:7      | 6570 ||| Stepping ~*~*~tactically~*~*~ (hiding).
  6630 | D:7      | 6630 ||| Stepping ~*~*~tactically~*~*~ (hiding).
  6697 | D:7      | Noticed a hornet
  6705 | D:7      | Killed a hornet
  6730 | D:7      | 6730 ||| Stepping ~*~*~tactically~*~*~ (hiding).
  6840 | D:7      | 6840 ||| Stepping ~*~*~tactically~*~*~ (stealth).
  6890 | D:7      | Noticed a skeletal warrior
  6890 | D:7      | Noticed a skeletal warrior
  6890 | D:7      | Noticed a skeletal warrior
  6891 | D:7      | 6891 ||| Stepping ~*~*~tactically~*~*~ (hiding).
  6906 | D:7      | HP: 4/57 [skeletal warrior/+0 halberd (17)]
  6906 | D:7      | Slain by a skeletal warrior

Levels and vault maps discovered:
D:1:      onia_arrival_mini_spirals, layout_loops_ring,
          hellmonk_ecumenical_altar_defaced_shrine
D:2:      layout_rooms, basic_altar, minmay_tall_x
D:3:      minmay_general_purpose_star, layout_basic
D:4:      corexii_shantytown, layout_loops_corners,
          nicolae_dithmenos_shadow_blocks, lemuel_mausoleum_altar_kikubaaqudgha,
          minmay_temple_entry_antechambers, minmay_misc_feat_roman
D:5:      layout_basic, wad_floor_pattern_untrapped
D:6:      layout_gridville, uniq_prince_ribbit1, uniq_grinder
D:7:      layout_basic, minivault_23, grunt_ministairs_14, uniq_maggie
Temple:   nicolae_temple_superstar

Skill      XL: |  1  2  3  4  5  6  7  8  9 |
---------------+----------------------------+-----
Axes           | 2 3 4 5 6 7 8 9 |  9.8
Fighting       | 4 5 6 7 |  7.5
Armour         | 4 5 6 |  6.0
Dodging        | 1 |  1.0
Throwing       | 1 |  1.8
Shields        | 4 |  4.1

Action                     |  1- 3 |  4- 6 |  7- 9 || total
---------------------------+-------+-------+-------++-------
  Melee: War axe           |   144 |   186 |   367 ||   697
  Throw: Boomerang         |       |    54 |    66 ||   120
    Use: Scroll            |     3 |     8 |    11 ||    22
         Potion            |     3 |       |       ||     3
 Armour: Scale mail        |   109 |    26 |       ||   135
         Plate armour      |       |    93 |   256 ||   349
  Dodge: Dodged            |    57 |    77 |   108 ||   242
  Block: Buckler           |    27 |    29 |    55 ||   111

Table legend:
 A = Non-vault XP
 B = Vault XP
 C = Vault XP percentage of total XP
 D = Non-vault monster count
 E = Vault monster count
 F = Vault count percentage of total count
                 A         B        C        D         E       F
            +---------+---------+-------+---------+---------+-------
      Total |    2832 |    1586 |  35.9 |     149 |      58 |  28.0
            +---------+---------+-------+---------+---------+-------
        D:1 |      38 |       6 |  13.6 |      25 |       2 |   7.4
        D:2 |      95 |       6 |   5.9 |      18 |       4 |  18.2
        D:3 |      19 |      14 |  42.4 |      10 |       1 |   9.1
        D:4 |     348 |     626 |  64.3 |      26 |      48 |  64.9
        D:5 |     450 |       0 |   0.0 |      18 |       0 |   0.0
        D:6 |     703 |     545 |  43.7 |      19 |       2 |   9.5
        D:7 |    1179 |     389 |  24.8 |      33 |       1 |   2.9
            +---------+---------+-------+---------+---------+-------
